MID
LANSING LUGNUTS @ DAYTON DRAGONS
06/10/2099
 
TOP OF THE 1ST
Lansing Lugnuts batting - Pitching for Dayton Dragons : LHP David Jolly
Pitching: LHP David Jolly
Batting: LHB Hugh McPhearson 0-0: Ball
1-0: Fly out, F1 (Popup, 15, EV 85.6 MPH)
Batting: SHB Miguel Dominguez 0-0: Swinging Strike
0-1: Foul Ball, location: 3FF
0-2: Foul Ball, location: 2F
0-2: Foul Ball, location: 2F
0-2: Ground out 6-3 (Groundball, 6, EV 81.3 MPH)
Batting: LHB Jon Kuduk 0-0: Ball
1-0: SINGLE (Groundball, P, EV 89.4 MPH) (infield hit)
Batting: RHB Devon Phillips 0-0: Ground out 5-3 (Groundball, 15, EV 78.1 MPH)
Top of the 1st over - 0 runs, 1 hit, 0 errors, 1 left on base; Lansing 0 - Dayton 0
BOTTOM OF THE 1ST
Dayton Dragons batting - Pitching for Lansing Lugnuts : RHP Ronnie Mehaffey
Pitching: RHP Ronnie Mehaffey
Batting: LHB Liosvany Koehler 0-0: Called Strike
0-1: Swinging Strike
0-2: Ball
1-2: Ball
2-2: Ground out 4-3 (Groundball, 34, EV 101.9 MPH)
Batting: LHB Enrique Oropeza 0-0: Ball
1-0: Foul Ball, location: 2F
1-1: Foul Ball, location: 2F
1-2: Strikes out swinging
Batting: LHB Josh Southerland 0-0: Ball
1-0: Foul Ball, location: 5FF
1-1: Ball
2-1: Swinging Strike
2-2: Foul Ball, location: 9LDF
2-2: Foul Ball, location: 7LMF
2-2: Foul Ball, location: 2F
2-2: Strikes out looking
Bottom of the 1st over - 0 runs, 0 hits, 0 errors, 0 left on base; Lansing 0 - Dayton 0
TOP OF THE 2ND
Lansing Lugnuts batting - Pitching for Dayton Dragons : LHP David Jolly
Batting: RHB Angel Contreras 0-0: Swinging Strike
0-1: Foul Ball, location: 2F
0-2: Strikes out looking
Batting: RHB Travis St. Pierre 0-0: Foul Ball, location: 9LMF
0-1: SINGLE (Groundball, 56D, EV 108.8 MPH)
Batting: RHB Rick Hagerty 0-0: Grounds into double play, 3-6-1 (Groundball, 3S, EV 85.0 MPH)
Top of the 2nd over - 0 runs, 1 hit, 0 errors, 0 left on base; Lansing 0 - Dayton 0
BOTTOM OF THE 2ND
Dayton Dragons batting - Pitching for Lansing Lugnuts : RHP Ronnie Mehaffey
Batting: LHB Troy Gallagher 0-0: Ball
1-0: Called Strike
1-1: Ball
2-1: Swinging Strike
2-2: Strikes out looking
Batting: RHB Rich Holland 0-0: Called Strike
0-1: Ball
1-1: Swinging Strike
1-2: Strikes out looking
Batting: LHB Alexis Viramontes 0-0: Ball
1-0: Ball
2-0: Swinging Strike
2-1: Ball
3-1: Foul Ball, location: 3SF
3-2: Base on Balls
Batting: SHB Ray Bennett 0-0: Ball
1-0: Swinging Strike
1-1: Ball
2-1: Ground out 6-3 (Groundball, P, EV 86.9 MPH)
Bottom of the 2nd over - 0 runs, 0 hits, 0 errors, 1 left on base; Lansing 0 - Dayton 0
TOP OF THE 3RD
Lansing Lugnuts batting - Pitching for Dayton Dragons : LHP David Jolly
Batting: LHB John Crews 0-0: Swinging Strike
0-1: Ball
1-1: SINGLE (Line Drive, 34D, EV 98.8 MPH)
Batting: LHB Will Houle 0-0: Foul Ball, location: 2F
0-1: Ball
1-1: Called Strike
1-2: 2-RUN HOME RUN (Flyball, 9D, EV 98.1 MPH), Distance : 367 ft
Batting: LHB Hugh McPhearson 0-0: Ground out 1-3 (Groundball, 13S, EV 62.5 MPH)
Batting: SHB Miguel Dominguez 0-0: Called Strike
0-1: Ball
1-1: Ball
2-1: Foul Ball, location: 7LDF
2-2: Ball
3-2: SINGLE (Groundball, 4MD, EV 97.5 MPH)
Batting: LHB Jon Kuduk 0-0: Foul Ball, location: 2F
0-1: Fly out, F5 (Popup, 5SF, EV 66.3 MPH)
Batting: RHB Devon Phillips 0-0: Called Strike
0-1: Foul Ball, location: 5F
0-2: Ball
1-2: Ball
2-2: Strikes out swinging
Top of the 3rd over - 2 runs, 3 hits, 0 errors, 1 left on base; Lansing 2 - Dayton 0
BOTTOM OF THE 3RD
Dayton Dragons batting - Pitching for Lansing Lugnuts : RHP Ronnie Mehaffey
Batting: RHB Antonio Villasenor 0-0: Ball
1-0: Called Strike
1-1: Ball
2-1: Foul Ball, location: 3F
2-2: Ball
3-2: Base on Balls
Batting: RHB Leo Lozoya 0-0: Called Strike
0-1: Ball
1-1: Swinging Strike
1-2: Strikes out swinging
Batting: LHB Liosvany Koehler 0-0: Called Strike
0-1: Ball
1-1: Called Strike
1-2: SINGLE (Line Drive, 89S, EV 103.1 MPH)
Antonio Villasenor to second
Batting: LHB Enrique Oropeza 0-0: Foul Ball, location: 2F
0-1: Ball
1-1: Swinging Strike
1-2: Strikes out looking
Batting: LHB Josh Southerland 0-0: Ball
1-0: Called Strike
1-1: Fielders Choice at 2nd, 5-4 (Groundball, 56, EV 98.8 MPH)
Bottom of the 3rd over - 0 runs, 1 hit, 0 errors, 2 left on base; Lansing 2 - Dayton 0
TOP OF THE 4TH
Lansing Lugnuts batting - Pitching for Dayton Dragons : LHP David Jolly
Batting: RHB Angel Contreras 0-0: Ball
1-0: Ball
2-0: Ball
3-0: Called Strike
3-1: Base on Balls
Batting: RHB Travis St. Pierre 0-0: Ball
1-0: Called Strike
1-1: Ball
2-1: Called Strike
2-2: SINGLE (Flyball, 5D, EV 90.0 MPH)
Angel Contreras to second
Batting: RHB Rick Hagerty 0-0: Swinging Strike
0-1: Called Strike
0-2: Strikes out swinging
Batting: LHB John Crews 0-0: Foul Ball, location: 7LSF
0-1: Swinging Strike
0-2: Ball
1-2: SINGLE (Line Drive, 34, EV 99.4 MPH)
Angel Contreras to third
Travis St. Pierre to second
Batting: LHB Will Houle 0-0: Ball
1-0: Fly out, F9 (Flyball, 89D, EV 85.6 MPH)
Runner from 3rd tags up, SCORES, throw by RF
Travis St. Pierre to third
Batting: LHB Hugh McPhearson 0-0: Called Strike
0-1: Fielders Choice at 2nd, 5-4 (Groundball, 56, EV 84.4 MPH)
Top of the 4th over - 1 run, 2 hits, 0 errors, 2 left on base; Lansing 3 - Dayton 0
BOTTOM OF THE 4TH
Dayton Dragons batting - Pitching for Lansing Lugnuts : RHP Ronnie Mehaffey
Batting: LHB Troy Gallagher 0-0: Foul Ball, location: 7LDF
0-1: Foul Ball, location: 23F
0-2: Ball
1-2: Ball
2-2: Foul Ball, location: 2F
2-2: Ball
3-2: SOLO HOME RUN (Flyball, 89XD, EV 98.1 MPH), Distance : 402 ft
Batting: RHB Rich Holland 0-0: Ball
1-0: Foul Ball, location: 3F
1-1: Foul Ball, location: 2F
1-2: Foul Ball, location: 9LMF
1-2: Foul Ball, location: 5FF
1-2: Strikes out swinging
Batting: LHB Alexis Viramontes 0-0: Called Strike
0-1: Ball
1-1: Swinging Strike
1-2: Ball
2-2: Ball
3-2: Foul Ball, location: 3F
3-2: Foul Ball, location: 3FF
3-2: Base on Balls
Batting: SHB Ray Bennett 0-0: Called Strike
Alexis Viramontes steals 2nd base
0-1: Reached via error on a dropped throw from 1B, E1 (Groundball, 34S, EV 88.8 MPH)
Alexis Viramontes to third
Batting: RHB Antonio Villasenor 0-0: Fielders Choice at 2nd, 4-6 (Groundball, 4M, EV 78.1 MPH)
Alexis Viramontes scores
Batting: RHB Leo Lozoya 0-0: Called Strike
0-1: Swinging Strike
0-2: Strikes out looking
Bottom of the 4th over - 2 runs, 1 hit, 1 error, 1 left on base; Lansing 3 - Dayton 2
TOP OF THE 5TH
Lansing Lugnuts batting - Pitching for Dayton Dragons : LHP David Jolly
Batting: SHB Miguel Dominguez 0-0: Ball
1-0: Called Strike
1-1: Ball
2-1: Ball
3-1: Base on Balls
Batting: LHB Jon Kuduk 0-0: Called Strike
0-1: Ball
1-1: Called Strike
1-2: Ball
2-2: Ball
3-2: SINGLE (Groundball, 34D, EV 100.6 MPH)
Miguel Dominguez to second
Miguel Dominguez to third
Batting: RHB Devon Phillips 0-0: Ball
Jon Kuduk is caught stealing 2nd base 2-4
1-0: Swinging Strike
1-1: Ball
2-1: Ball
3-1: SINGLE (Line Drive, 8RS, EV 92.5 MPH)
Miguel Dominguez scores
Batting: RHB Angel Contreras 0-0: Ball
1-0: Ball
2-0: Grounds into double play, U4-3 (Groundball, 6M, EV 85.0 MPH)
Top of the 5th over - 1 run, 2 hits, 0 errors, 0 left on base; Lansing 4 - Dayton 2
BOTTOM OF THE 5TH
Dayton Dragons batting - Pitching for Lansing Lugnuts : RHP Ronnie Mehaffey
Batting: LHB Liosvany Koehler 0-0: Called Strike
0-1: Hit by Pitch
Batting: LHB Enrique Oropeza 0-0: SINGLE (Line Drive, 56, EV 101.9 MPH)
Liosvany Koehler to second
Liosvany Koehler to third
Batting: LHB Josh Southerland 0-0: Called Strike
0-1: Foul Ball, location: 2F
0-2: Ball
1-2: Ball
2-2: Ball
3-2: Fly out, F5 (Popup, 25F, EV 95.6 MPH)
Pitching: RHP Chris Bowen
Batting: LHB Troy Gallagher 0-0: Swinging Strike
0-1: Foul Ball, location: 3F
0-2: Ball
1-2: Ball
2-2: Ball
3-2: Foul Ball, location: 5SF
3-2: Strikes out swinging
Batting: RHB Rich Holland 0-0: Ball
1-0: Fielders Choice at 2nd, 6-4 (Groundball, 6D, EV 98.8 MPH)
Bottom of the 5th over - 0 runs, 1 hit, 0 errors, 2 left on base; Lansing 4 - Dayton 2
TOP OF THE 6TH
Lansing Lugnuts batting - Pitching for Dayton Dragons : LHP David Jolly
Batting: RHB Travis St. Pierre 0-0: Swinging Strike
0-1: Called Strike
0-2: Strikes out looking
Batting: RHB Rick Hagerty 0-0: Ball
1-0: Ground out 1-6-3 (Groundball, 15S, EV 85.0 MPH)
Batting: LHB John Crews 0-0: Ball
1-0: DOUBLE (Groundball, 3L, EV 95.0 MPH)
Batting: LHB Will Houle 0-0: Ball
1-0: Foul Ball, location: 2LF
1-1: Ball
2-1: Foul Ball, location: 3F
2-2: Fly out, F7 (Line Drive, 78M, EV 108.1 MPH)
Top of the 6th over - 0 runs, 1 hit, 0 errors, 1 left on base; Lansing 4 - Dayton 2
BOTTOM OF THE 6TH
Dayton Dragons batting - Pitching for Lansing Lugnuts : RHP Chris Bowen
Batting: LHB Alexis Viramontes 0-0: Called Strike
0-1: Called Strike
0-2: Foul Ball, location: 2F
0-2: Foul Ball, location: 5FF
0-2: Fly out, F5 (Popup, 56, EV 54.4 MPH)
Batting: SHB Ray Bennett 0-0: Called Strike
0-1: Called Strike
0-2: Ball
1-2: Foul Ball, location: 2LF
1-2: Ball
2-2: Foul Ball, location: 2F
2-2: Foul Ball, location: 3FF
2-2: Ground out 4-3 (Groundball, 4, EV 88.1 MPH)
Batting: RHB Antonio Villasenor 0-0: Ball
1-0: Swinging Strike
1-1: Ball
2-1: Ball
3-1: Base on Balls
Batting: RHB Leo Lozoya 0-0: Called Strike
0-1: Called Strike
0-2: Ball
1-2: Ball
2-2: Strikes out swinging
Bottom of the 6th over - 0 runs, 0 hits, 0 errors, 1 left on base; Lansing 4 - Dayton 2
TOP OF THE 7TH
Lansing Lugnuts batting - Pitching for Dayton Dragons : LHP David Jolly
Batting: LHB Hugh McPhearson 0-0: Called Strike
0-1: Ball
1-1: Ground out 4-3 (Groundball, 4, EV 101.3 MPH)
Pitching: LHP Pete Eckstrom
Batting: SHB Miguel Dominguez 0-0: Called Strike
0-1: SINGLE (Flyball, 34D, EV 92.5 MPH)
Batting: LHB Jon Kuduk 0-0: Ball
1-0: Ball
2-0: Ball
3-0: Called Strike
3-1: Base on Balls
Miguel Dominguez to second
Pitching: RHP Richard Sosa
Batting: RHB Devon Phillips 0-0: Foul Ball, location: 9LMF
0-1: Ball
1-1: Fly out, F8 (Flyball, 8RM, EV 95.6 MPH)
Batting: RHB Angel Contreras 0-0: Ball
1-0: Foul Ball, location: 9LSF
1-1: Foul Ball, location: 9LMF
1-2: Ground out 1-3 (Groundball, 13S, EV 63.8 MPH)
Top of the 7th over - 0 runs, 1 hit, 0 errors, 2 left on base; Lansing 4 - Dayton 2
BOTTOM OF THE 7TH
Dayton Dragons batting - Pitching for Lansing Lugnuts : RHP Chris Bowen
Batting: LHB Liosvany Koehler 0-0: Swinging Strike
0-1: Called Strike
0-2: Ball
1-2: Foul Ball, location: 2F
1-2: Foul Ball, location: 25F
1-2: Ball
2-2: Foul Ball, location: 2F
2-2: Strikes out swinging
Batting: LHB Enrique Oropeza 0-0: Ball
1-0: Ground out 6-3 (Groundball, 6D, EV 108.8 MPH)
Batting: LHB Josh Southerland 0-0: Called Strike
0-1: Foul Ball, location: 7LSF
0-2: Fly out, F8 (Flyball, 78S, EV 93.1 MPH)
Bottom of the 7th over - 0 runs, 0 hits, 0 errors, 0 left on base; Lansing 4 - Dayton 2
TOP OF THE 8TH
Lansing Lugnuts batting - Pitching for Dayton Dragons : RHP Richard Sosa
Batting: RHB Travis St. Pierre 0-0: Called Strike
0-1: Ball
1-1: Swinging Strike
1-2: Foul Ball, location: 2F
1-2: Ground out 4-3 (Groundball, 4, EV 92.5 MPH)
Batting: RHB Rick Hagerty 0-0: Called Strike
0-1: Ground out 6-3 (Groundball, 6, EV 96.3 MPH)
Pitching: RHP Edgar Aquino
Batting: LHB John Crews 0-0: Ball
1-0: Ground out 1-3 (Groundball, 13, EV 69.4 MPH)
Top of the 8th over - 0 runs, 0 hits, 0 errors, 0 left on base; Lansing 4 - Dayton 2
BOTTOM OF THE 8TH
Dayton Dragons batting - Pitching for Lansing Lugnuts : RHP Chris Bowen
Pitching: RHP Justin Forsythe
Batting: LHB Troy Gallagher 0-0: Ball
1-0: Foul Ball, location: 5DF
1-1: Ground out 4-3 (Groundball, 4MD, EV 101.3 MPH)
Pinch Hitting: LHB Scott Guinan 0-0: Ball
1-0: Ball
2-0: Called Strike
2-1: Ball
3-1: Swinging Strike
3-2: Foul Ball, location: 25F
3-2: Strikes out swinging
Batting: LHB Alexis Viramontes 0-0: Called Strike
0-1: Called Strike
0-2: Foul Ball, location: 7LMF
0-2: Ball
1-2: Ball
2-2: Ball
3-2: Foul Ball, location: 7LSFF
3-2: Foul Ball, location: 23F
3-2: Ground out 6-3 (Groundball, 56D, EV 104.4 MPH)
Bottom of the 8th over - 0 runs, 0 hits, 0 errors, 0 left on base; Lansing 4 - Dayton 2
TOP OF THE 9TH
Lansing Lugnuts batting - Pitching for Dayton Dragons : RHP Edgar Aquino
Now in LF: Scott Guinan
Now in CF: Liosvany Koehler
Batting: LHB Will Houle 0-0: Ground out 4-3 (Groundball, 4, EV 81.3 MPH)
Batting: LHB Hugh McPhearson 0-0: Called Strike
0-1: Ball
1-1: Ball
2-1: Ground out 4-3 (Groundball, 4, EV 83.8 MPH)
Batting: SHB Miguel Dominguez 0-0: Ball
1-0: Foul Ball, location: 7LMF
1-1: Foul Ball, location: 5F
1-2: Ball
2-2: Ball
3-2: Base on Balls
Batting: LHB Jon Kuduk 0-0: Called Strike
0-1: Foul Ball, location: 2F
0-2: Fly out, F9 (Flyball, 9D, EV 105.6 MPH)
Top of the 9th over - 0 runs, 0 hits, 0 errors, 1 left on base; Lansing 4 - Dayton 2
BOTTOM OF THE 9TH
Dayton Dragons batting - Pitching for Lansing Lugnuts : RHP Justin Forsythe
Batting: SHB Ray Bennett 0-0: Swinging Strike
0-1: Foul Ball, location: 5SF
0-2: Ball
1-2: Foul Ball, location: 2F
1-2: Strikes out looking
Pinch Hitting: LHB Ed Selvage 0-0: Ground out 6-3 (Groundball, 6, EV 89.4 MPH)
Pinch Hitting: RHB Justin Allan 0-0: Foul Ball, location: 2F
0-1: Ball
1-1: Fly out, F7 (Flyball, 7S, EV 91.9 MPH)
Bottom of the 9th over - 0 runs, 0 hits, 0 errors, 0 left on base; Lansing 4 - Dayton 2
Wednesday, May 8th , 2024 - OOTP Baseball 24.11 Build 85